 Seeded DCSS version 0.29-a0-23-ga79f92ac9c (webtiles) character file.

Game seed: 10000000000011 (custom seed)

1093 knot the Cleaver (level 8, -1/58 HPs)
             Began as a Demonspawn Berserker on Jan 31, 2022.
             Was a Believer of Trog.
             Slain by an unseen horror (6 damage)
             ... on level 5 of the Dungeon.
             The game lasted 00:03:48 (5919 turns).

knot the Cleaver (Demonspawn Berserker)             Turns: 5919, Time: 00:03:49

Health: -1/58      AC:  5    Str: 17    XL:     8   Next: 9%
Magic:  0/8        EV: 11    Int: 10    God:    Trog [**....]
Gold:   202        SH:  5    Dex: 14    Spells: 7/7 levels left

rFire   . . .      SeeInvis .   a - +0 hand axe
rCold   . . .      Faith    .   (no shield)
rNeg    . . .      Spirit   +   s - +0 ring mail
rPois   .          Reflect  +   (no helmet)
rElec   .          Harm     .   (no cloak)
rCorr   .          Rampage  .   (no gloves)
Will    .....                   (no boots)
Stlth   +.........              d - amulet of reflection
HPRegen 0.19/turn               (no ring)
MPRegen 0.22/turn               (no ring)

@: about to teleport
A: powered by death 1, magic shield, magic regeneration, demonic touch 2
a: Renounce Religion, Berserk, Trog's Hand


You were on level 5 of the Dungeon.
You worshipped Trog.
Trog was pleased with you.
You visited 1 branch of the dungeon, and saw 5 of its levels.

You collected 202 gold pieces.

Inventory:

Hand Weapons
 a - a +0 hand axe (weapon)
Missiles
 f - 105 stones (quivered)
 l - 2 poisoned darts
 p - 4 boomerangs
Armour
 s - a +0 ring mail (worn)
Jewellery
 d - an amulet of reflection (around neck)
Wands
 o - a wand of polymorph (6)
 q - a wand of flame (21)
 r - a wand of charming (6)
Scrolls
 j - a scroll of identify
 m - 2 scrolls of blinking {unknown}
 n - a scroll of fog {unknown}
Potions
 e - a potion of curing {unknown}
 g - a potion of lignification {unknown}
 h - a potion of might {unknown}
 i - a potion of magic {unknown}
 k - a potion of heal wounds {unknown}


   Skills:
 - Level 3.0 Fighting
 + Level 9.2 Axes
 - Level 1.7 Armour
 - Level 1.7 Dodging


You had 7 spell levels left.
You didn't know any spells.
Your spell library contained the following spells:

 Spells                   Type           Power      Damage    Failure   Level
 Corpse Rot               Necr/Air       0%         N/A       71%         2
 Ensorcelled Hibernation  Hex/Ice        0%         N/A       71%         2
 Passwall                 Tmut/Erth      0%         N/A       71%         2
 Poisonous Vapours        Pois/Air       0%         N/A       71%         2
 Swiftness                Air            0%         N/A       90%         3


Dungeon Overview and Level Annotations

Branches:
Dungeon (5/15)             Temple (0/1) D:4

Altars:
Uskayaw

Shops:
D:3 [


Innate Abilities, Weirdness & Mutations

You regenerate a little health from kills.
When hurt, damage is shared between your health and your magic reserves.
You regenerate magic rapidly.
Your touch may inflict irresistible damage on your foes.


Message History

No target in view!
You now have 202 gold pieces (gained 9).
Things that are here:
a +0 robe; a +0 dagger No target in view!
No target in view!
No target in view!
No target in view!
You see here a +0 flail.
An ogre comes into view. It is wielding a +0 giant spiked club.
An ogre is nearby!
You hit the ogre.
The ogre is moderately wounded.
You block the ogre's attack.
You barely miss the ogre.
The ogre is moderately wounded.
You miss something. Something hits you but does no damage.
Deactivating autopickup; reactivate with Ctrl-A.
The ogre hits you with a +0 giant spiked club!!
Unknown command.
Something completely misses you. Something hits you but does no damage.
Something hits you. Something hits you! Something hits you! Something hits you.
Something hits you. Something hits you!
* * * LOW HITPOINT WARNING * * *
Something hits you!
* * * LOW HITPOINT WARNING * * *
As you read the scroll labelled EGATOD ODICYES, it crumbles to dust.
It is a scroll of amnesia.
You feel forgetful for a moment. Something hits you but does no damage.
As you read the scroll labelled ROTYSO ACSU, it crumbles to dust.
It is a scroll of identify.
b - a scroll of teleportation Something completely misses you.
As you read the scroll of teleportation, it crumbles to dust.
You feel strangely unstable. Something hits you!
You die...

#.......# .. # ###.##.. #.# ...#
#....... ####.# #.#.# #.#.##..
#..O.# #...###.#.....
#.###########..........#.. #
#.O..........######.##.#..
####.##..###..####..............
#.......## ##.####.#.#.#.###.#.#
#.##.##.# #..@.....#...###.#.. #
#.## ##.####.#####..##.# #
#..###.........#....##.#
#.....)..###...#.......#
########.# ###...##.#### #.#
#.##.(...# #.# #.##.#.#.# #.#
#.##.#.#.# #.# .....#....


There were no monsters in sight!

Vanquished Creatures
  A kobold demonologist (D:5)
  A black bear (D:5)
  2 ogres
  A wolf (D:4)
  2 scorpions
  Dowan (D:4)
  A centaur zombie (D:5)
  An orc priest (D:4)
  2 hounds (D:5)
  2 centaur skeletons
  Ijyb (D:4)
  A scorpion zombie (D:5)
  6 adders
  3 orcs
  6 endoplasms
  2 giant cockroaches
  5 goblins
  5 hobgoblins
  14 jackals
  A quokka (D:4)
  4 ball pythons
  7 bats
  5 frilled lizards
  3 kobolds
  5 rats
82 creatures vanquished.

Notes
Turn   | Place    | Note
-------+----------+-------------------------------------------
     0 | D:1      | knot the Demonspawn Berserker began the quest for the Orb.
     0 | D:1      | Reached XP level 1. HP: 18/18 MP: 1/1
    64 | D:1      | Reached skill level 3 in Axes
   191 | D:1      | Gained mutation: You regenerate magic rapidly. [demonic
                  | ancestry]
   191 | D:1      | Reached XP level 2. HP: 24/24 MP: 2/2
  1223 | D:2      | Reached ** piety under Trog
  1224 | D:2      | Gained mutation: Your touch may inflict minor irresistible
                  | damage on your foes. [demonic ancestry]
  1224 | D:2      | Reached XP level 3. HP: 27/29 MP: 3/3
  1316 | D:2      | Reached skill level 4 in Axes
  1919 | D:2      | Reached XP level 4. HP: 34/35 MP: 4/4
  2334 | D:3      | Noticed an ogre
  2344 | D:3      | Killed an ogre
  2345 | D:3      | Reached skill level 5 in Axes
  2345 | D:3      | Reached XP level 5. HP: 14/41 MP: 5/5
  2591 | D:3      | Found Daocsar's Antique Armour Emporium.
  3370 | D:4      | Noticed Duvessa
  3370 | D:4      | Noticed Dowan
  3398 | D:4      | Noticed Duvessa
  3398 | D:4      | Duvessa changed into Duvessa the wolf
  3402 | D:4      | Killed Duvessa the wolf
  3403 | D:4      | Reached skill level 6 in Axes
  3403 | D:4      | Gained mutation: Your touch may inflict irresistible damage
                  | on your foes. [demonic ancestry]
  3403 | D:4      | Reached XP level 6. HP: 47/47 MP: 6/6
  3794 | D:4      | Noticed Ijyb
  3798 | D:4      | Killed Dowan
  3808 | D:4      | Killed Ijyb
  4093 | D:4      | Found a staircase to the Ecumenical Temple.
  4122 | D:4      | Reached skill level 7 in Axes
  4646 | D:5      | Entered Level 5 of the Dungeon
  4655 | D:5      | Noticed a kobold demonologist
  4667 | D:5      | Killed a kobold demonologist
  4668 | D:5      | Reached skill level 8 in Axes
  4668 | D:5      | Gained mutation: When hurt, damage is shared between your
                  | health and your magic reserves. [demonic ancestry]
  4668 | D:5      | Reached XP level 7. HP: 52/52 MP: 7/7
  5636 | D:5      | Reached skill level 9 in Axes
  5636 | D:5      | Gained mutation: You regenerate a little health from kills.
                  | [demonic ancestry]
  5636 | D:5      | Reached XP level 8. HP: 57/58 MP: 8/8
  5779 | D:5      | Found a hide-covered altar of Uskayaw.
  5919 | D:5      | Slain by an unseen horror

Illustrated notes

Levels and vault maps discovered:
D:1:      lordsloth_arrival_two_stooges, layout_basic, grunt_decor_fettered,
          minmay_misc_feat_diagonals, nicolae_concentric_dashed_squares_wild
D:2:      layout_rooms, hangedman_decor_clover_reticule
D:3:      layout_basic, serial_shops, shop, kennysheep_path_1
D:4:      layout_rooms, temple_doors_e, uniq_duvessa, uniq_ijyb
D:5:      layout_loops_cross, nicolae_uskayaw_suspiria, item_on_display_a

Skill      XL: |  1  2  3  4  5  6  7 |
---------------+----------------------+-----
Axes           | 3 4 5 6 8 9 |  9.2
Fighting       | |  3.0
Armour         | |  1.7
Dodging        | |  1.7

Action                   |  1- 3 |  4- 6 |  7- 9 || total
-------------------------+-------+-------+-------++-------
Melee: Hand axe          |   103 |   100 |    53 ||   256
       Touch             |     4 |    19 |    10 ||    33
Invok: Berserk           |     3 |     8 |     4 ||    15
       Trog's Hand       |       |     1 |       ||     1
Evoke: Wand              |       |     2 |       ||     2
  Use: Scroll            |       |       |     3 ||     3
 Stab: Sleeping          |       |     1 |       ||     1
Armor: Animal skin       |    27 |     7 |       ||    34
       Ring mail         |       |       |    18 ||    18
Dodge: Dodged            |    71 |    58 |    29 ||   158
Block: Other             |    22 |    23 |    13 ||    58
       Reflection        |       |     2 |       ||     2

Table legend: (Time is in decaauts)
 A = Elapsed time spent in this place.
 B = Non-inter-level travel time spent in this place.
 C = Inter-level travel time spent in this place.
 D = Time resting spent in this place.
 E = Time spent auto-exploring this place.
 F = Levels seen in this place.
 G = Mean time per level.
                   A        B        C        D        E       F      G
               +--------+--------+--------+--------+--------+-----+--------+
         Total |   6072 |   5838 |    234 |   2644 |   2552 |   5 | 1214.4 |
       Dungeon |   6072 |   5838 |    234 |   2644 |   2552 |   5 | 1214.4 |
               +--------+--------+--------+--------+--------+-----+--------+

Top non-repeatable levels by time:
     D:4: 1356 daAuts
     D:1: 1276 daAuts
     D:3: 1229 daAuts
     D:5: 1135 daAuts
     D:2: 1075 daAuts
